Cogmind - Beta 14 @@@ ROGUE MODE // 2024.12.21 @ 18:33:52 Player: Darsidian Result: Destroyed by G-47 Trooper with Particle Gun Performance ------------- Evolutions (2) 1000 Regions Visited (7) 1400 Robots Destroyed (132) 660 Value Destroyed (4085) 4085 Prototype IDs (10) 200 Alien Tech Used (0) 0 Bonus (1069) 1069 TOTAL SCORE: 8414 Bonus ------- High Alert Combat Kills 336 Follower Combat Kills 33 Entered Garrisons 200 Used RIF Installer 500 Cogmind --------- Core Integrity 0/550 Matter 189/300 Energy 195/265 System Corruption 0% Temperature Cool (58) Movement Treading (240) Ox1 Location -8/Materials Parts ------- > --- POWER (1) -------- Improved Ion Engine > --- PROPULSION (3) --- Medium Treads Wheel > --- UTILITY (5) ------ High-capacity Storage Unit Improved Signal Interpreter Hacking Suite > --- WEAPON (2) ------- (None) > --- INVENTORY (20) --- Light Nuclear Core Improved Heat Sink Advanced Visual Processing Unit Terrain Scan Processor Core Analyzer Relay Coupler [Hunter] (16) Heavy EM Shotgun Assault Rifle Rocket Launcher Improved Datajack Plasma Cutter Great Maul Peak State ------------ > --- POWER ------------ Light Nuclear Core > --- PROPULSION ------- Wheel Wheel Armored Wheel > --- UTILITY ---------- High-capacity Storage Unit Experimental Sensor Array Improved Signal Interpreter Hacking Suite System Shield > --- WEAPON ----------- Heavy EM Shotgun Heavy EM Shotgun > --- INVENTORY -------- Improved Ion Engine Light Nuclear Core Wheel Improved Heat Sink High-capacity Matter Pod Advanced Visual Processing Unit Terrain Scan Processor Core Analyzer Hardened Light Armor Plating Relay Coupler [Hunter] Assault Rifle Gauss Rifle Rocket Launcher Improved Datajack Plasma Cutter Great Maul [Rating: 38] Favorites ----------- Power Improved Ion Engine Engine Improved Ion Engine Power Core Light Nuclear Core Propulsion Improved Treads Treads Improved Treads Leg Aluminum Leg Wheel Wheel Utility Targeting Computer Device Experimental Sensor Array Storage Large Storage Unit Processor Targeting Computer Hackware Hacking Suite Protection Light Armor Plating Weapon Advanced Beam Cannon Energy Gun Beam Rifle Energy Cannon Advanced Beam Cannon Ballistic Gun High-powered Shotgun Ballistic Cannon Flak Cannon Launcher Improved Grenade Launcher Impact Weapon Great Maul Special Melee Weapon Improved Datajack Build | -11 -10 -10 -9 -9 -8 -8 -8 ------- Run | Yrd Mat Min Mat Min Mat Gar Mat Slots Evolved 4 | . . . 2 . 2 . . Power . | . . . . . . . . Propulsion 1 | . . . . . 1 . . Utility 3 | . . . 2 . 1 . . Weapon . | . . . . . . . . Parts Attached 152 | 7 10 4 42 4 41 21 23 Power 14 | 1 1 . 3 2 4 2 1 Engine 9 | 1 . . 3 2 2 . 1 Core 5 | . 1 . . . 2 2 . Reactor . | . . . . . . . . Propulsion 39 | 2 3 1 12 . 16 2 3 Treads 20 | . 3 1 9 . 6 . 1 Leg 3 | . . . . . 3 . . Wheel 16 | 2 . . 3 . 7 2 2 Hover . | . . . . . . . . Flight . | . . . . . . . . Utility 35 | 2 2 1 13 2 9 2 4 Device 14 | 1 1 . 6 1 5 . . Storage 5 | 1 1 . 2 . 1 . . Processor 5 | . . . 4 . . . 1 Hackware 5 | . . . 1 . . 2 2 Protection 6 | . . 1 . 1 3 . 1 Artifact . | . . . . . . . . Weapon 64 | 2 4 2 14 . 12 15 15 Energy Gun 10 | 1 4 . 1 . 2 . 2 Energy Cannon 10 | . . . 6 . 2 2 . Ballistic Gun 21 | 1 . 2 7 . 1 5 5 Ballistic Cannon 4 | . . . . . 3 1 . Launcher 10 | . . . . . 2 3 5 Special Weapon . | . . . . . . . . Impact Weapon 4 | . . . . . . 2 2 Slashing Weapon . | . . . . . . . . Piercing Weapon . | . . . . . . . . Special Melee Weapon 5 | . . . . . 2 2 1 Unidentified Prototypes 3 | . . . 2 1 . . . Parts Lost 29 | . 4 . 2 . 10 4 9 Power 2 | . 1 . . . . . 1 Propulsion 12 | . 2 . . . 5 2 3 Utility 5 | . . . 1 . 2 . 2 Weapon 10 | . 1 . 1 . 3 2 3 Highest Loss Streak 9 | . 2 . 1 . 3 3 9 To Critical Strikes . | . . . . . . . . Average Slot Usage (%) 97 | . 96 100 98 98 93 99 98 Engine 5 | . 10 . 6 9 5 . . Core 4 | . 1 14 4 . 3 9 8 Treads 16 | . 25 28 18 22 16 . . Wheel 7 | . 1 . 3 . 5 26 26 Device 12 | . 14 1 12 11 18 15 8 Storage 10 | . 14 14 11 11 9 9 9 Processor 8 | . . . 10 11 9 9 9 Hackware 5 | . . . 7 6 . 2 14 Protection 4 | . . 12 2 4 7 9 3 Energy Gun 2 | . 27 3 . . 2 . . Energy Cannon 9 | . . . 10 22 8 6 . Ballistic Gun 7 | . . 24 11 . 2 8 8 Peak Build Rating 38 | 7 14 14 21 28 35 36 38 Average Rating 24 | 5 11 12 19 27 29 34 33 On Entrance 18 | . 7 12 14 21 28 33 35 Naked Turns . | . . . . . . . . Heaviest Build 64 | 14 22 24 37 46 64 64 61 Greatest Support 66 | 20 46 46 46 46 66 38 32 Greatest Overweight (x) 2 | . . . 1 . 2 2 2 Average Overweight (x) . | . . . . . . 1 1 Largest Inventory Capacity 20 | 8 10 10 15 15 20 20 20 Average Capacity 15 | 7 9 10 14 15 16 20 20 Most Carried 20 | 4 10 9 15 15 17 20 17 Average Carried 13 | . 8 7 13 14 14 18 15 Final Capacity 20 | 8 10 10 15 15 20 20 20 Final Carried 17 | 3 8 9 15 14 17 16 12 Class Distribution -------------------- 52% | Mutant 45% | Scavenger-Mutant Dominant Class ---------------- Mutant | -10/Materials Scavenger-Mutant | -10/Mines Mutant | -9/Materials Mutant | -9/Mines Scavenger-Mutant | -8/Materials Scavenger-Mutant | -8/Garrison Scavenger-Mutant | -8/Materials Resources | -11 -10 -10 -9 -9 -8 -8 -8 ----------- Run | Yrd Mat Min Mat Min Mat Gar Mat Matter Collected 3429 | 263 172 40 1299 166 755 357 377 Remotely . | . . . . . . . . Salvage Created 4343 | 106 475 . 1525 206 1278 410 343 Parts 265 | 7 20 . 115 15 64 25 19 Haulers Intercepted 8 | . 1 . 5 . 1 . 1 Recyclers Shooed 5 | . 1 . 3 . 1 . . Parts Field Recycled . | . . . . . . . . Retrieved Matter . | . . . . . . . . Parts Self-Destructed . | . . . . . . . . Prevented . | . . . . . . . . Kills | -11 -10 -10 -9 -9 -8 -8 -8 ------- Run | Yrd Mat Min Mat Min Mat Gar Mat Combat Hostiles Destroyed 90 | . 10 . 30 5 25 10 10 Melee 1 | . . . . . . 1 . Guns 42 | . 9 . 21 . 2 6 4 Cannons 32 | . . . 9 5 17 1 . AOE 12 | . . . . . 4 2 6 Classes Destroyed 13 | 2 4 . 4 2 . 1 . Worker 7 | . . . 4 . 3 . . Builder 4 | . . . 3 . . . 1 Tunneler 4 | 2 . . . 1 . . 1 Hauler 8 | . 1 . 5 . 1 . 1 Recycler 8 | 1 . . 5 . 2 . . Operator 3 | . 1 . 1 . 1 . . Watcher 8 | . 1 . 4 . . . 3 Swarmer 20 | . . . 17 . . . 3 Grunt 48 | . 10 . 6 3 18 5 6 Brawler 4 | . . . . 1 1 1 1 Duelist 2 | . . . . 1 1 . . Sentry 13 | . . . 7 . 5 1 . Hunter 3 | . . . . . . 3 . Best Kill Streak 9 | 2 5 . 9 3 7 4 5 Combat Bots Only 5 | . 4 . 5 3 5 4 5 Max Kills in Single Turn 3 | 1 1 . 3 1 2 1 3 Gunslinging 1 | . . . 1 . . . . Exploded 3 | . . . . . 2 1 3 Melee 1 | . . . . . . 1 . Uniques/NPCs Destroyed . | . . . . . . . . Combat | -11 -10 -10 -9 -9 -8 -8 -8 -------- Run | Yrd Mat Min Mat Min Mat Gar Mat Hostile Shots Fired 549 | . 95 2 146 10 169 42 85 Missed 150 | . 23 2 35 2 49 12 27 Damage Taken 5876 | . 860 . 1179 88 2114 470 1165 Core 938 | . 184 . 179 24 205 102 244 Absorbed by Shields . | . . . . . . . . Ignored by Resistances 7 | . . . . . 7 . . Regen/Repaired (Parts) 74 | . . . 74 . . . . Core Remaining (%) 58 | 100 . 26 . 49 . . . Volleys Fired 338 | 10 46 1 113 12 81 45 30 Largest 2 | 2 2 2 2 2 2 2 2 Hottest 136 | 70 112 112 136 136 136 103 100 Shots Fired 618 | 20 91 2 226 22 149 64 44 Gun 374 | 20 91 2 173 . 31 29 28 Cannon 213 | . . . 53 22 110 28 . Launcher 31 | . . . . . 8 7 16 Special . | . . . . . . . . Kinetic 283 | 10 2 . 173 . 47 32 19 Thermal 295 | 10 89 2 53 22 94 25 . Explosive 31 | . . . . . 8 7 16 Electromagnetic 9 | . . . . . . . 9 Robot Hit Streak 12 | 4 7 7 11 6 12 8 7 Robot Miss Streak 8 | 4 4 . 8 4 5 2 6 Penetration Max 1 | . . . . . . . 1 Secondary Targets 4 | . . . 3 . . . 1 Max Gunslinging Chain 1 | . . . 1 . . . 1 Shots Hit Robots 388 | 9 55 2 144 11 107 35 25 Core Hits 231 | 5 23 1 70 7 74 22 29 Critical Kills 5 | . . . 2 . 2 1 . Critical Parts Destroyed 1 | . . . 1 . . . . Critical Strikes 11 | 2 2 . 3 . 3 1 . Burn 5 | 2 2 . . . 1 . . Meltdown 1 | . . . . . 1 . . Destroy 4 | . . . 3 . 1 . . Smash 1 | . . . . . . 1 . Melee Attacks 23 | . . . . . 1 15 7 Impact 12 | . . . . . . 7 5 Slashing . | . . . . . . . . Piercing . | . . . . . . . . Sneak Attacks 12 | . . . . . 1 5 6 Combat Hostiles 4 | . . . . . . 4 . Follow-up Attacks . | . . . . . . . . Damage Inflicted 9371 | 104 799 29 2679 239 2692 774 2055 Guns 3972 | 104 799 29 2018 . 398 290 334 Cannons 2924 | . . . 659 227 1849 189 . Explosions 2046 | . . . . . 445 256 1345 Melee 415 | . . . . . . 39 376 Ramming 14 | . . . 2 12 . . . Kinetic 3376 | 31 . . 2018 . 801 354 172 Thermal 3438 | 73 799 29 659 227 1446 125 80 Explosive 1966 | . . . . . 445 256 1265 Electromagnetic 162 | . . . . . . . 162 Impact 415 | . . . . . . 39 376 Slashing . | . . . . . . . . Piercing . | . . . . . . . . Highest Corruption 3 | . . . 3 3 . . . Average Corruption 2 | . . . 2 3 . . . Corruption Purged . | . . . . . . . . Corruption Blocked . | . . . . . . . . Effects 51 | . . . 32 19 . . . Message Errors 12 | . . . 8 4 . . . Matter Fused 11 | . . . 5 6 . . . Heat Flow Errors 7 | . . . 4 3 . . . Energy Discharges 10 | . . . 8 2 . . . Parts Rejected 2 | . . . 1 1 . . . Data Loss (minor) 4 | . . . 3 1 . . . Data Loss (major) 1 | . . . . 1 . . . Misfires 2 | . . . 2 . . . . Alerts 1 | . . . 1 . . . . Weapon Failures 1 | . . . . 1 . . . Overload Shots . | . . . . . . . . Overflow Damage 320 | . . . 4 . . 5 311 Projectiles 4 | . . . 4 . . . . Explosions 35 | . . . . . . 5 30 Melee 281 | . . . . . . . 281 Knockbacks 25 | . . . . . 22 2 1 Impact 1 | . . . . . . . 1 Kinetic 20 | . . . . . 18 2 . Secondary 4 | . . . . . 4 . . Self-Inflicted Damage 382 | . . . . . 201 39 142 Shots 10 | . . . . . 5 1 4 Rammed 2 | . . . 1 1 . . . Targets Rammed 2 | . . . 1 1 . . . Kicked . | . . . . . . . . Crushed . | . . . . . . . . Highest Temperature 566 | 100 350 27 425 357 566 46 183 Average Temperature 109 | 50 109 13 114 125 133 11 68 Received Heat Transfer 2487 | . 492 . 309 48 1017 135 486 Effects 24 | . 3 . 5 5 11 . . Shutdowns 4 | . . . . 1 3 . . Energy Bleed 3 | . 1 . 1 . 1 . . Interference 6 | . . . 2 3 1 . . Matter Decay 3 | . 1 . . 1 1 . . Short Circuit 3 | . 1 . 2 . . . . Damage (major) 5 | . . . . . 5 . . Siege Activations . | . . . . . . . . Robots Corrupted . | . . . . . . . . Combat Hostiles . | . . . . . . . . Parts Fried 2 | . . . . . . . 2 Impact Corruptions 7 | . . . . . . . 7 Robots Melted 3 | . 1 . . . 2 . . Combat Hostiles 3 | . 1 . . . 2 . . Parts Melted 11 | 1 4 . 1 . 5 . . Heat Transferred 7019 | 370 2183 74 1184 407 2516 185 100 Parts Sabotaged . | . . . . . . . . Parts Stolen . | . . . . . . . . Parts Stripped . | . . . . . . . . Power Chain Reactions 1 | . . . . . . . 1 Alert | -11 -10 -10 -9 -9 -8 -8 -8 ------- Run | Yrd Mat Min Mat Min Mat Gar Mat Peak Influence 770 | 15 309 78 558 151 470 770 727 Initial 365 | . 9 63 29 146 . 304 365 Average 297 | 6 139 77 329 68 309 568 568 Maximum Alert Level 3 | . 1 . 2 . 2 3 3 Low Security (%) 36 | 100 75 100 11 100 20 . . Level 1 31 | . 24 . 57 . 53 10 11 Level 2 28 | . . . 31 . 26 67 71 Level 3 3 | . . . . . . 22 16 Level 4 . | . . . . . . . . Level 5 . | . . . . . . . . High Security . | . . . . . . . . Max Security . | . . . . . . . . Squads Dispatched 12 | . 2 . 2 . 5 . 3 Investigation 4 | . 1 . . . 2 . 1 Extermination . | . . . . . . . . Reinforcement 6 | . 1 . 2 . 2 . 1 Assault 1 | . . . . . . . 1 Garrison 1 | . . . . . 1 . . Intercept . | . . . . . . . . Searches Triggered . | . . . . . . . . Construction Impeded 1 | . . . . . 1 . . Haulers Reinforced . | . . . . . . . . Active Scanning Responses . | . . . . . . . . Cargo Convoy Interrupts . | . . . . . . . . Stealth | -11 -10 -10 -9 -9 -8 -8 -8 --------- Run | Yrd Mat Min Mat Min Mat Gar Mat Distress Signals 5 | . 1 . 2 . 1 . 1 Communications Jammed . | . . . . . . . . Distress Signals . | . . . . . . . . Times Spotted 151 | . 23 2 50 5 32 13 26 Peak Tracking Total 7 | . 7 1 5 3 6 4 6 Tactical Retreats 5 | . 1 . 2 . . 1 1 Traps | -11 -10 -10 -9 -9 -8 -8 -8 ------- Run | Yrd Mat Min Mat Min Mat Gar Mat Traps Triggered 5 | . . . 2 . 1 1 1 Indirectly . | . . . . . . . . Trap Hack Attempts . | . . . . . . . . Triggered . | . . . . . . . . Disarmed . | . . . . . . . . Reprogrammed . | . . . . . . . . Reused . | . . . . . . . . Traps Extracted . | . . . . . . . . Installed . | . . . . . . . . Triggered . | . . . . . . . . Machines | -11 -10 -10 -9 -9 -8 -8 -8 ---------- Run | Yrd Mat Min Mat Min Mat Gar Mat Machines Disabled 13 | . . . 3 1 5 4 . Max in Single Turn 2 | . . . 1 1 2 1 . Garrison Relay 2 | . . . . . . 2 . Machines Repaired . | . . . . . . . . Machines Dismantled . | . . . . . . . . Machines Sabotaged . | . . . . . . . . Overloaded Fab Kills . | . . . . . . . . Hacking | -11 -10 -10 -9 -9 -8 -8 -8 --------- Run | Yrd Mat Min Mat Min Mat Gar Mat Machines Accessed 24 | . 2 . 14 . 4 2 2 Terminals 18 | . 2 . 10 . 3 2 1 Fabricators . | . . . . . . . . Repair Stations 1 | . . . 1 . . . . Recycling Units 2 | . . . 2 . . . . Scanalyzers 2 | . . . 1 . . . 1 Garrison Access 1 | . . . . . 1 . . Total Hacks 88 | . 6 . 55 . 11 3 13 Successful 47 | . 1 . 31 . 5 1 9 Failed 41 | . 5 . 24 . 6 2 4 Catastrophic 3 | . . . . . 1 1 1 Database Lockouts . | . . . . . . . . Manual 65 | . 6 . 38 . 10 3 8 Terminals 64 | . 6 . 38 . 9 3 8 Fabricators . | . . . . . . . . Repair Stations 2 | . . . 2 . . . . Recycling Units 11 | . . . 11 . . . . Scanalyzers 9 | . . . 4 . . . 5 Garrison Access 2 | . . . . . 2 . . Terminal Hacks 14 | . . . 10 . 1 1 2 Prototype ID Bank 4 | . . . 4 . . . . Branch Access Points 1 | . . . . . . . 1 Terminal Index 2 | . . . 1 . . . 1 Alert Level 3 | . . . 3 . . . . Unreport Threat 1 | . . . 1 . . . . Locate Traps 1 | . . . . . 1 . . Dispatch Records 1 | . . . 1 . . . . Garrison Registry 1 | . . . . . . 1 . Fabricator Hacks . | . . . . . . . . Repair Station Hacks 2 | . . . 2 . . . . Scan Component 1 | . . . 1 . . . . Repair 1 | . . . 1 . . . . Recycling Unit Hacks 5 | . . . 5 . . . . Report Inventory 3 | . . . 3 . . . . Retrieve Matter 1 | . . . 1 . . . . Retrieve Components 1 | . . . 1 . . . . Scanalyzer 8 | . . . 4 . . . 4 Insert Component 4 | . . . 2 . . . 2 Analyze 4 | . . . 2 . . . 2 Garrison Access Hacks 1 | . . . . . 1 . . Unlock Access 1 | . . . . . 1 . . Unauthorized Hacks 17 | . 1 . 10 . 3 . 3 Terminals 16 | . 1 . 9 . 3 . 3 Track 1 | . . . . . . . 1 Botnet 12 | . 1 . 8 . 2 . 1 Operators 3 | . . . 1 . 1 . 1 Fabricators . | . . . . . . . . Repair Stations . | . . . . . . . . Recycling Units 1 | . . . 1 . . . . Reject 1 | . . . 1 . . . . Scanalyzers . | . . . . . . . . Garrison Access . | . . . . . . . . Data Cores Recovered 2 | . 1 . 1 . . . . Used . | . . . . . . . . Hacking Detections 20 | . 2 . 12 . 3 2 1 Full Trace Events 4 | . 1 . 1 . 1 . 1 Feedback Events . | . . . . . . . . Feedback Blocked . | . . . . . . . . Robot Schematics Acquired . | . . . . . . . . Robots Built . | . . . . . . . . Authchips . | . . . . . . . . Time . | . . . . . . . . Total Robot Build Rating . | . . . . . . . . Part Schematics Acquired 3 | . . . 1 . . . 2 Parts Built . | . . . . . . . . Authchips . | . . . . . . . . Time . | . . . . . . . . Total Part Build Rating . | . . . . . . . . Parts Repaired 1 | . . . 1 . . . . Time 32 | . . . 32 . . . . Parts Recycled . | . . . . . . . . Recycled Matter . | . . . . . . . . Retrieved Matter 91 | . . . 91 . . . . Retrieved Components 10 | . . . 10 . . . . Parts Scanalyzed 3 | . . . 1 . . . 2 Part Schematics Acquired 3 | . . . 1 . . . 2 Parts Damaged . | . . . . . . . . Bothacking | -11 -10 -10 -9 -9 -8 -8 -8 ------------ Run | Yrd Mat Min Mat Min Mat Gar Mat Used RIF Installer 1 | . . . . . . 1 . Robots Hacked 5 | . . . . . 1 2 2 Non-combat 3 | . . . . . 1 . 2 Combat 2 | . . . . . . 2 . Robot Hacks Applied 6 | . . . . . 1 3 2 no_distress 3 | . . . . . 1 . 2 find_shortcuts 1 | . . . . . . 1 . disable_weapons 1 | . . . . . . 1 . formatsys_high 1 | . . . . . . 1 . Relay Couplers Released 8 | . . . . . . 8 . Machine Destruction 8 | . . . . . . 8 . Attached 2 | . . . . . . 2 . Fabnet Peak Effective % . | . . . . . . . . Robots Rewired . | . . . . . . . . Allies Hacked . | . . . . . . . . Hacks Repelled . | . . . . . . . . Allies | -11 -10 -10 -9 -9 -8 -8 -8 -------- Run | Yrd Mat Min Mat Min Mat Gar Mat Total Allies 4 | . . 3 . . . 1 . Largest Group 3 | . . 3 3 . . 1 . Highest-Rated Group 40 | . . 40 40 . . 16 . Highest-Rated Ally 16 | . . 16 16 . . 16 . Total Orders . | . . . . . . . . Ally Attacks 22 | . . . 12 . . 10 . Total Damage 203 | . . . 100 . . 103 . Kills 1 | . . . 1 . . . . Allies Corrupted 1 | . . . 1 . . . . Allies Melted . | . . . . . . . . Intel | -11 -10 -10 -9 -9 -8 -8 -8 ------- Run | Yrd Mat Min Mat Min Mat Gar Mat Robot Analysis Total . | . . . . . . . . Derelict Logs Recovered 2 | . . . . 2 . . . Drone Launches . | . . . . . . . . Drone Recoveries . | . . . . . . . . Exploration | -11 -10 -10 -9 -9 -8 -8 -8 ------------- Run | Yrd Mat Min Mat Min Mat Gar Mat Turns Passed 6674 | 91 453 336 2160 1162 1166 749 557 Spaces Moved 3644 | 62 177 170 1056 674 538 546 421 Core 1 | 1 . . . . . . . Treads 2177 | . 165 170 866 674 301 . 1 Legs 5 | . . . . . 5 . . Wheels 1461 | 61 12 . 190 . 232 546 420 Hover . | . . . . . . . . Flight . | . . . . . . . . Fastest Speed 50 | 50 80 160 100 160 86 98 98 Average Speed 138 | 79 154 160 151 160 151 100 98 Slowest Speed 245 | 80 160 160 240 160 245 115 240 Overloaded Moves . | . . . . . . . . Propulsion Burnouts . | . . . . . . . . Robots Hopped . | . . . . . . . . Cave-ins Triggered . | . . . . . . . . Exploration Rate (%) 50 | 4 29 45 80 101 38 75 31 Regions Visited 7 Branch Regions 2 Pre-discovered Areas 1 | . . . . 1 . . . Known Exits Taken 2 | . . . . 1 1 . . Unknown Exits Taken 4 | 1 1 1 1 . . . . Scrap Searched 3 | . . 1 . 2 . . . Spaces Dug 25 | . . . . . 5 9 11 Terrain Destroyed 275 | . . . . . 67 43 165 Melee 1 | . . . . . . 1 . Projectile 6 | . . . . . 5 1 . AOE 268 | . . . . . 62 41 165 Terrain Rammed . | . . . . . . . . Walls Destroyed . | . . . . . . . . Machines Disabled . | . . . . . . . . Actions | -11 -10 -10 -9 -9 -8 -8 -8 --------- Run | Yrd Mat Min Mat Min Mat Gar Mat Total 4612 | 82 265 233 1392 735 745 659 501 Wait 287 | . 20 51 125 35 31 16 9 Move 3637 | 61 176 169 1055 673 537 545 421 Hop . | . . . . . . . . Pick Up 76 | 4 7 4 23 5 22 5 6 Fast Attach 43 | 6 5 2 14 1 12 2 1 Attach 31 | 1 2 2 7 . 11 4 4 Detach 8 | . . . 4 . 3 . 1 Swap 78 | . 3 . 21 3 18 15 18 Drop 81 | . 6 4 29 5 29 4 4 Fire 338 | 10 46 1 113 12 81 45 30 Melee 23 | . . . . . 1 15 7 Ram . | . . . . . . . . Kick . | . . . . . . . . Crush 2 | . . . 1 1 . . . Escape Stasis 8 | . . . . . . 8 . Rewire . | . . . . . . . . Trap . | . . . . . . . . Miscellaneous . | . . . . . . . . Route ------- -11/Scrapyard -10/Materials (discovered 2 exits: [*Min] / [*Sub]) -10/Mines -9/Materials (discovered 3 exits: *Mat / [*Min] / [*Sto]) -9/Mines (discovered 2 exits: *Mat x2) -8/Materials (discovered 2 exits: [*Fac] / Gar) -8/Garrison (discovered 3 exits: *Mat x3) -8/Materials History --------- Turn | Location | Event 16 | -11/Scrapyard | Discovered new exit (range 15) 92 | -11/Scrapyard | Entered Materials 300 | -10/Materials | Build established: Mutant 422 | -10/Materials | Discovered new exit (range 11) 474 | -10/Materials | Discovered new exit (range 12) 489 | -10/Materials | Core integrity fell below 50% 545 | -10/Materials | Entered Mines 549 | -10/Mines | Met a Derelict bent on vengeance 564 | -10/Mines | Joined a pair of Derelicts in attacking an 0b10 outpost 674 | -10/Mines | Found a hidden stash of uninstalled traps 765 | -10/Mines | Assembled infested the area 815 | -10/Mines | Assisted by bots powering up and referring to "LRC-V3" 831 | -10/Mines | Met 8R-AWN 857 | -10/Mines | Discovered new exit (range 12) 876 | -10/Mines | Build established: Scavenger-Mutant 876 | -10/Mines | Received a Rocket Launcher from a helpful Derelict 881 | -10/Mines | Entered Materials 881 | -9/Materials | Accompanied by 3 allies 881 | -9/Materials | Evolved 2 slots: Utility x2 1065 | -9/Materials | Lost 3 allies 1274 | -9/Materials | Build established: Mutant 1758 | -9/Materials | Discovered new exit (range 6) 1968 | -9/Materials | Build established: Scavenger-Mutant 2245 | -9/Materials | Repaired Imp. Treads 2268 | -9/Materials | Discovered new exit (range 16) 2318 | -9/Materials | Identified exit to Materials 2416 | -9/Materials | Build established: Mutant 2590 | -9/Materials | Discovered new exit (range 16) 2938 | -9/Materials | Build established: Scavenger-Mutant 3041 | -9/Materials | Entered Mines 3042 | -9/Mines | YI-UF0 nonchalantly dropped a Grenade Launcher on the ground 3091 | -9/Mines | Found a damaged Exp. Sensor Array with a note attached 3095 | -9/Mines | Found Prototype Device 3096 | -9/Mines | Identified Exp. Sensor Array 3291 | -9/Mines | Build established: Mutant 3575 | -9/Mines | Discovered exit to Materials (range 2) 3738 | -9/Mines | Learned Materials terminal intel 3754 | -9/Mines | Core integrity fell below 50% 4023 | -9/Mines | Learned location of Storage (-9) 4186 | -9/Mines | Discovered exit to Materials (range 7) 4203 | -9/Mines | Entered Materials 4203 | -8/Materials | Evolved 2 slots: Propulsion x1, Utility x1 4204 | -8/Materials | Loaded intel: 12 terminal locations 4620 | -8/Materials | Garrison activated, responded to threat 4671 | -8/Materials | Lost 3 parts (2n1w) 4723 | -8/Materials | Identified exit to Garrison 4765 | -8/Materials | Build established: Scavenger-Mutant 5113 | -8/Materials | Discovered new exit (range 16) 5277 | -8/Materials | Lost 3 parts (2n1u) 5369 | -8/Materials | Entered Garrison 5385 | -8/Garrison | Installed Relay Interface Framework 5443 | -8/Garrison | Triggered checkpoint 5659 | -8/Garrison | Triggered checkpoint 5715 | -8/Garrison | Discovered new exit (range 12) 5719 | -8/Garrison | Discovered new exit (range 76) 5719 | -8/Garrison | Discovered new exit (range 58) 5719 | -8/Garrison | Discovered new exit (range 13) 5778 | -8/Garrison | Garrison Relay disabled 5826 | -8/Garrison | Triggered checkpoint 5907 | -8/Garrison | Core integrity fell below 50% 5940 | -8/Garrison | Lost 3 parts (1n2w) 5953 | -8/Garrison | Triggered checkpoint 6118 | -8/Garrison | Entered Materials 6518 | -8/Materials | First assault squad dispatched 6656 | -8/Materials | Core integrity fell below 20% 6675 | -8/Materials | Destroyed by G-47 Trooper with Particle Gun Last Messages --------------- 06659_ B-36 Bruiser destroyed. 06659_ Switching to secondary target: Y-45 Defender. 06659_ Chain reaction triggered in Imp. Ion Engine. 06659_ Gauss Rifle destroyed. 06663_ Acquired 11 matter. 06663_ Exp. Sensor Array destroyed. 06663_ Arm. Wheel destroyed. 06664_ The unstable cave ceiling collapses. 06665_ U-05 Engineer builds a Wall. 06666_ The unstable cave ceiling collapses. 06666_ Hvy. EM Shotgun destroyed. 06666_ M-28 Smith repairs G-47 Trooper. 06668_ M-28 Smith repairs Lgt. Nuclear Core. 06669_ U-05 Engineer lays Concrete. 06670_ U-05 Engineer builds a Wall. 06670_ M-28 Smith repairs Imp. Heat Sink. 06672_ Wheel destroyed. 06672_ Acquired Med. Treads. 06673_ The unstable cave ceiling collapses. 06673_ Hrd. Light Armor Plating destroyed. Map ----- +----------------------------------------------------+ | # #### ############## """"" #?? | | # += #??????####### ! #?? | | # # ####????????????#+#######?? | | # # #???????????????#!#???????? | | # # #???????????????#[[???????? | | # # #???????????????# ???????? | | ###### #???????????????# ????????? | | ?????# #??????????????? ????????? | | ?????# #??????????????? ???????? | | ?????#"#??????????????? ???????? | | ?????#%#??????????????? ???????? | | ?????#"#??????????????? ???????? | | ?????# #??????????????? ####??????? | | ?????# #??????????????? ??????????? | | ?????# #??????????????? ??????????? | | ????## #??????????????? ??????????? | | ????## ###????????????? ??????????? | | ????## # ##???????????????????????? | | ???### # #???????????????????????? | | ??## # #???????????????????????? | | ??# #???????????????????????? | | ??# ##??????????????????????? | | ??# = # ???????????????????????? | | ??# #=%# #######??????????????????? | | ### # ==**!!#??????????????????? | | # @**!!#??o???????????????? | | #][ g #??????????????????? | | #] #!## ##?????????????????? | | # " ##????????????????? | | # # ##???????????????? | | # # ##???????????????? | | # [# g # #???????????????? | | # ]* ; g g ##???????????????? | | # ==; #????????????????? | | ##"#;# ###????????????????? | | ?##### == #??????????????????? | | ?????# =/ #??????????????????? | | ?????######### #??????????????????? | | ?????????????? +??????????????????? | | ?????????????? # ?????????????????? | | ??????????????????????????????????? | | ??????????????????????????????????? | | ??????????????????????????????????? | | ??????????????????????????????????? | | ??????????????????????????????????? | | ??????????????????????????????????? | | ??????????????????????????????????? | | ??????????????????????????????????? | | ??????????????????????????????????? | | ??????????????????????????????????? | +----------------------------------------------------+ Best States ------------- Heat Dissipation 55 Energy Generation 14 Energy Capacity 265 Matter Stores 300 Matter Capacity 300 Sight Range 16 Robot Scan Range 20 Terrain Scan Density 10 Armor Coverage 150 Resistance: KI 20 Evasion (%) 44 Targeting Accuracy 10 Recoil Reduction 3 Offensive Hacking 10 Defensive Hacking 10 Relay Coupler Types 1 Relay Coupler Value 22 Authchip Count 4 Item Schematics ----------------- Rocket Launcher | -9/Materials | Scanalyzed Arm. Wheel | -8/Materials | Scanalyzed Adv. Visual Processing Unit | -8/Materials | Scanalyzed Robot Schematics ------------------ None Fabricated ------------ Nothing Alien Tech Used ----------------- None Achievements -------------- None Challenges ------------ None Game ------ Seed AntimatterSubdwellerSheargun Manual? 0 Play Time 01:37:03 Cumulative 218.5 hours Start 2024.12.17 @ 21:24:21 End 2024.12.21 @ 18:33:52 Sessions 3 Manual Loads 0 Difficulty Rogue Special Mode None Game No. 64 Rogue 64 Adventurer 0 Explorer 0 Win Type - Total 0 Types 0/0/0/0/0/0/0/0/0 Lore% 25 Gallery% 54 Achievement% 45 Wizard Run 0 Options --------- Layout 0 ASCII 0 Keyboard 0 Movement Mouse Keybinds 0 Fullscreen 1 Font 36/Smallcaps Map View 76x50 Zoom Use 0% Tactical HUD 1 Map Filters NONE Filters NONE Steam X RUN: 0ca31e4d-f245-4ff8-9532-326576b0c29e